AoeStats
← Huesofeo

Arena

510209130Analyzed
3v3 RM · 2d ago on Sep 30, 2026· 33m 14s· 6 players
Game mode
Random Map
Map size
Normal (6 player)
Population
200
Speed
Normal
Resources
Standard
Victory
Conquest
Starting age
Dark Age
Ending age
Imperial Age
RankedLock teamsTeams togetherTeam positionsShared explorationLock speedFull tech treeHidden civsTurbo modeCheats
Victory
Defeat
🇵🇪 Cumans · Peru
1118
+10
🇨🇴 Spanish · Colombia
999
+14
🇨🇴 Romans · Colombia
991
+15
🇨🇱 Spanish · Chile
1006
-14
🇦🇷 Burgundians · Argentina
966
-13
🇺🇸 Khmer · United States
952
-12
eL_MataTan
0:26 Loom
12:09 Feudal Age
13:14 Double-Bit Axe
24:36 Castle Age
25:50 Horse Collar
Gurx
10:36 Feudal Age
14:42 Castle Age
13:56 Double-Bit Axe
20:27 Scale Barding Armor
21:19 Husbandry
25:19 Fervor
27:20 Chain Barding Armor
28:02 Forging
DPtheBananaKing
11:56 Feudal Age
13:40 Horse Collar
18:24 Castle Age
16:21 Double-Bit Axe
18:12 Bloodlines
19:37 Husbandry
21:04 Scale Barding Armor
27:27 Tusk Swords
32:12 Devotion
EminenceShadow
6:43 Loom
9:46 Feudal Age
11:17 Double-Bit Axe
19:46 Wheelbarrow
20:59 Horse Collar
24:41 Castle Age
22:52 Gold Mining
24:41 Capped Ram
26:56 Hand Cart
27:45 Bow Saw
27:36 Heavy Plow
28:13 Gold Shaft Mining
31:25 Imperial Age
29:06 Fletching
31:29 Heavy Cavalry Archer
32:34 Parthian Tactics
33:51 Ballistics
34:46 Chemistry
Huesofeo
5:28 Loom
11:02 Feudal Age
17:16 Castle Age
16:05 Double-Bit Axe
16:04 Horse Collar
20:23 Bow Saw
25:04 Heavy Plow
30:14 Wheelbarrow
30:18 Redemption
30:23 Town Watch
31:45 Hand Cart
31:31 Town Patrol
31:25 Gold Mining
32:21 Sanctity
33:08 Fervor
lachanda420
2:40 Loom
10:51 Feudal Age
11:51 Man-at-Arms
15:28 Scale Mail Armor
20:39 Horse Collar
24:00 Forging
25:57 Castle Age
26:38 Forging
27:47 Pikeman
28:27 Squires
29:35 Long Swordsman
30:36 Chain Mail Armor
30:57 Iron Casting
Connection lost

Rejoining the realm…

Still unreachable

The connection could not be restored.

Session expired

The server has moved on; the page needs a fresh start.